 Dungeon Crawl Stone Soup version 0.29-a0-330-g52719c12eb (webtiles) character file.

Game seed: 1132596314821132427

455 dohliylev the Ruffian (level 6, -4/57 HPs)
             Began as a Troll Warper on May 11, 2022.
             Slain by a white imp (5 damage)
             ... summoned by Natasha
             ... on level 4 of the Dungeon.
             The game lasted 00:04:31 (1967 turns).

dohliylev the Ruffian (Troll Warper)                Turns: 1967, Time: 00:04:32

Health: -4/57      AC:  4    Str: 22    XL:     6   Next: 76%
Magic:  4/7        EV: 10    Int:  9    God:
Gold:   248        SH:  5    Dex:  9    Spells: 3/8 levels left

rFire   . . .      SeeInvis .     - Unarmed
rCold   . . .      Faith    .   (no shield)
rNeg    . . .      Spirit   .   a - +0 robe
rPois   .          Reflect  +   (helmet restricted)
rElec   .          Harm     .   (no cloak)
rCorr   .          Rampage  .   (gloves unavailable)
Will    .....                   (boots unavailable)
Stlth   +.........              h - amulet of reflection
HPRegen 0.99/turn               (no ring)
MPRegen 0.10/turn               (no ring)

@: on blink cooldown, slowed, very slow
A: large, unfitting armour, claws 3, regeneration 1, shaggy fur 1, tough skin 1
a: no special abilities


You were on level 4 of the Dungeon.
You visited 1 branch of the dungeon, and saw 4 of its levels.

You collected 248 gold pieces.

Inventory:

Missiles
 c - 7 boomerangs of dispersal (quivered)
Armour
 a - a +0 robe (worn)
Jewellery
 h - an amulet of reflection (around neck)
 i - a ring of see invisible
 r - an amulet of guardian spirit
Wands
 j - a wand of iceblast (2)
 p - a wand of polymorph (5)
 s - a wand of flame (19)
Scrolls
 b - a scroll of blinking
 e - a scroll of brand weapon
 g - 3 scrolls of silence
 m - a scroll of acquirement
 o - 2 scrolls of teleportation {unknown}
 q - a scroll of holy word {unknown}
Potions
 d - a potion of heal wounds {unknown}
 f - 2 potions of magic {unknown}
 k - a potion of haste
 l - a potion of degeneration {unknown}
 n - a potion of curing {unknown}


   Skills:
 + Level 2.1 Fighting
 + Level 0.8 Throwing
 + Level 3.1 Dodging
 + Level 0.6 Shields
 + Level 5.2 Unarmed Combat
 + Level 1.5 Spellcasting
 + Level 3.1 Translocations


You had 3 spell levels left.
You knew the following spells:

 Your Spells              Type           Power      Damage    Failure   Level
a - Blink                 Tloc           12%        N/A       14%         2
b - Lesser Beckoning      Tloc           6%         N/A       28%         3

Your spell library contained the following spells:

 Spells                   Type           Power      Damage    Failure   Level
 Gell's Gravitas          Tloc           6%         N/A       28%         3
 Teleport Other           Tloc           6%         N/A       28%         3
 Animate Skeleton         Necr           0%         N/A       34%         1
 Magic Dart               Conj           0%         1d3       34%         1
 Pain                     Necr           0%         1d4       34%         1
 Sandblast                Erth           0%         2d4       34%         1
 Call Imp                 Summ           0%         N/A       47%         2
 Passwall                 Tmut/Erth      0%         N/A       47%         2
 Mephitic Cloud           Conj/Pois/Air  0%         N/A       71%         3
 Stone Arrow              Conj/Erth      0%         3d7       71%         3
 Vampiric Draining        Necr           0%         2d6       71%         3
 Manifold Assault         Tloc           6%         N/A       95%         5


Dungeon Overview and Level Annotations

Branches:
Dungeon (4/15)
 Temple: D:4-7

Altars:
Qazlal

Shops:
D:1 :   D:4 [

Annotations:
D:3 Grinder, Ijyb
D:4 Menkaure, Natasha


Innate Abilities, Weirdness & Mutations

You are too large for most types of armour.
You have claws for hands.
Your natural rate of healing is unusually fast.
You are covered in fur. (AC +1)
You have tough skin. (AC +1)


Message History

Natasha casts a spell.
The crimson imp blinks!
The crimson imp attacks as you move away!
The crimson imp hits you.
* * * LOW HITPOINT WARNING * * *
You feel stable enough to blink again.
The crimson imp blinks!
You block the giant cockroach's attack. The crimson imp barely misses you.
Natasha casts a spell.
The goblin closely misses you.
The crimson imp attacks as you move away!
The crimson imp closely misses you.
Menkaure draws the symbol "Udjat" in the dust.
Menkaure casts a spell.
Menkaure seems to speed up.
You block the giant cockroach's attack.
The giant cockroach bites you but does no damage.
The goblin misses you. The crimson imp hits you.
* * * LOW HITPOINT WARNING * * *
Menkaure calls on the powers of darkness!
Natasha convulses!
The giant cockroach convulses!
Your body is wracked with pain!
* * * LOW HITPOINT WARNING * * *
The giant cockroach barely misses you. The goblin closely misses you.
The goblin attacks as you move away! The goblin barely misses you.
The crimson imp attacks as you move away!
The crimson imp hits you.
* * * LOW HITPOINT WARNING * * *
Menkaure calls on the powers of darkness!
The giant cockroach convulses!
You feel a surge of unholy energy. You block the giant cockroach's attack.
Casting: Blink (safe; 14% risk of failure)
Confirm with . or Enter, or press ? or * to list all spells.
You blink.
The giant cockroach waves its antennae.
The white imp misses you. You block the goblin's attack.
The crimson imp hits you but does no damage.
The white imp attacks as you move away! The white imp hits you.
* * * LOW HITPOINT WARNING * * *
The white imp freezes you.
You die...

#.........# #....#..
#....M....# #....#.M
#.........# #....#..
#...........#....#..
#...........#....#..
##..5........#.......
#ยง.Bh................
#..g5........#..M....
#..5@........#.......
#.................#..
#.##...#..........#..
#.#...............#..
#......... .......###
###.......#..........
#.......#..........
#.......# .### .


You could see Menkaure (fast), Natasha, 2 crimson imps, a white imp (summoned),
a giant cockroach and a goblin.

Vanquished Creatures
  Sigmund (D:3)
  Blork the orc (D:4)
  A necrophage (D:3)
  Jessica (D:2)
  2 iguanas (D:4)
  5 adders
  A dart slug (D:2)
  4 orcs
  4 ball pythons
  4 endoplasms
  2 giant cockroaches
  3 goblins
  3 hobgoblins
  3 kobolds
  3 quokkas
  5 bats
  5 frilled lizards
  2 rats (D:2)
50 creatures vanquished.

Notes
Turn   | Place    | Note
-------+----------+-------------------------------------------
     0 | D:1      | dohliylev the Troll Warper began the quest for the Orb.
     0 | D:1      | Reached XP level 1. HP: 19/19 MP: 1/1
   339 | D:1      | Reached XP level 2. HP: 25/27 MP: 2/2
   400 | D:1      | Found Kadoaxaz's Book Emporium.
   739 | D:2      | Found a stormy altar of Qazlal.
   907 | D:2      | Reached XP level 3. HP: 28/33 MP: 3/3
   925 | D:2      | Noticed Jessica
   930 | D:2      | Killed Jessica
  1317 | D:3      | Noticed Sigmund
  1326 | D:3      | Killed Sigmund
  1327 | D:3      | Reached skill level 4 in Unarmed Combat
  1327 | D:3      | Reached XP level 4. HP: 37/42 MP: 3/5
  1327 | D:3      | Reached XP level 5. HP: 43/49 MP: 3/6
  1360 | D:3      | Learned a level 2 spell: Blink
  1364 | D:3      | Learned a level 3 spell: Lesser Beckoning
  1621 | D:3      | Reached XP level 6. HP: 57/57 MP: 7/7
  1631 | D:3      | Noticed Ijyb
  1634 | D:3      | Noticed Grinder
  1634 | D:3      | Paralysed by Ijyb for 4 turns
  1644 | D:3      | Paralysed by Ijyb for 3 turns
  1707 | D:4      | Identified a scroll of acquirement
  1847 | D:4      | Found Xosistre's Armour Boutique.
  1851 | D:4      | Noticed Blork the orc
  1874 | D:4      | Killed Blork the orc
  1875 | D:4      | Reached skill level 5 in Unarmed Combat
  1924 | D:4      | Noticed Menkaure
  1952 | D:4      | Noticed Natasha
  1960 | D:4      | HP: 1/57 [Natasha (8)]
  1965 | D:4      | HP: 2/57 [crimson imp[Natasha] (2)]
  1967 | D:4      | Slain by a white imp

Illustrated notes

Levels and vault maps discovered:
D:1:      dpeg_arrival_boxorama, layout_basic, serial_corexii_hall,
          corexii_hall_statues_x, corexii_hall_statues_u, serial_shops,
          nicolae_shop_behind_doors
D:2:      layout_basic, basic_altar, uniq_jessica
D:3:      layout_basic, uniq_sigmund, uniq_grinder, uniq_ijyb
D:4:      layout_basic, serial_shops, nicolae_shop_waterfront,
          portal_sewer_entry_e, uniq_natasha, uniq_blork_the_orc, uniq_menkaure

Skill      XL: |  1  2  3  4  5  6 |
---------------+-------------------+-----
Dodging        | 2 3 |  3.1
Fighting       | 2 |  2.1
Unarmed Combat | 4 5 |  5.2
Translocations | 3 |  3.1
Throwing       | |  0.8
Shields        | |  0.6
Spellcasting   | |  1.5

Action                   |  1- 3 |  4- 6 || total
-------------------------+-------+-------++-------
Melee: Unarmed           |    86 |    66 ||   152
       Punch             |     1 |       ||     1
 Cast: Blink             |       |     4 ||     4
  Use: Scroll            |       |     3 ||     3
Armor: Robe              |    28 |    25 ||    53
Dodge: Dodged            |    31 |    32 ||    63
Block: Other             |    14 |    21 ||    35

Table legend: (Time is in decaauts)
 A = Elapsed time spent in this place.
 B = Non-inter-level travel time spent in this place.
 C = Inter-level travel time spent in this place.
 D = Time resting spent in this place.
 E = Time spent auto-exploring this place.
 F = Levels seen in this place.
 G = Mean time per level.
                   A        B        C        D        E       F      G
               +--------+--------+--------+--------+--------+-----+--------+
         Total |   1960 |   1916 |     44 |     37 |   1329 |   4 |  490.0 |
       Dungeon |   1960 |   1916 |     44 |     37 |   1329 |   4 |  490.0 |
               +--------+--------+--------+--------+--------+-----+--------+

Top non-repeatable levels by time:
     D:1: 729 daAuts
     D:2: 551 daAuts
     D:3: 363 daAuts
     D:4: 315 daAuts
